 Dungeon Crawl Stone Soup version 0.31-a0-18-gea43df2a32 (webtiles) character file.

Game seed: 4054093262064182067

9863 Bennjico the Protected (level 11, -1/100 HPs)
             Began as a Minotaur Fighter on May 12, 2023.
             Was a High Priest of Okawaru.
             Slain by a catoblepas (9 damage)
             ... while petrified by a catoblepas
             ... on level 10 of the Dungeon.
             The game lasted 00:15:01 (8008 turns).

Bennjico the Protected (Minotaur Fighter)           Turns: 8008, Time: 00:15:02

Health: -1/100     AC: 13    Str: 31    XL:     11   Next: 28%
Magic:  10/10      EV:  2    Int:  5    God:    Okawaru [*****.]
Gold:   126        SH:  0    Dex: 10    Spells: 10/10 levels left

rFire   . . .        a - +1 war axe
rCold   + . .        c - +0 buckler
rNeg    + + +        b - +2 scale mail
rPois   ∞            D - +0 hat "Jushov" {+Blink Slay+2}
rElec   .            o - +0 cloak
rCorr   .            y - +0 pair of gloves
SInv    .            (no boots)
Will    .....        j - amulet of regeneration Stlth
                     w - ring of protection from cold
HPRegen 1.16/turn    E - +6 ring of strength
MPRegen 0.12/turn

%: no passive effects
@: mighty, petrified, studying Short Blades
A: horns 2, retaliatory headbutt
a: Renounce Religion, Evoke Blink, Heroism, Finesse, Duel


You were on level 10 of the Dungeon.
You worshipped Okawaru.
Okawaru was extremely pleased with you.
You visited 2 branches of the dungeon, and saw 11 of its levels.

You collected 333 gold pieces.
You spent 207 gold pieces at shops.

Inventory:

Hand Weapons
 a - a +1 war axe (weapon)
Missiles
 A - a throwing net (quivered)
Armour
 b - a +2 scale mail (worn)
 c - a +0 buckler (worn)
 o - a +0 cloak (worn)
 y - a +0 pair of gloves (worn)
 D - the +0 hat "Jushov" (worn) {+Blink Slay+2}
   (Okawaru gifted it to you on level 9 of the Dungeon)

   Slay:      It affects your accuracy & damage with ranged weapons and melee
   (+2).
   +Blink:    It lets you blink.
Jewellery
 j - an amulet of regeneration (around neck)
 w - a ring of protection from cold (left hand)
 E - a +6 ring of strength (right hand)
Wands
 n - a wand of mindburst (10)
 q - a wand of quicksilver (11)
 B - a wand of flame (3)
 C - a wand of digging (5)
Scrolls
 s - a scroll of immolation
 u - 7 scrolls of teleportation
 x - 2 scrolls of fog
Potions
 e - a potion of attraction
 f - 2 potions of lignification
 g - 3 potions of curing
 h - 4 potions of cancellation
 i - 2 potions of flight
 l - 3 potions of heal wounds
 m - a potion of haste {unknown}
 p - a potion of berserk rage {unknown}
 r - 2 potions of ambrosia
 t - a potion of resistance {unknown}
 v - 2 potions of mutation {unknown}
 z - a potion of brilliance {unknown}


   Skills:
 + Level 10.2 Fighting
 + Level 9.9 Axes
 + Level 10.3 Armour
 + Level 8.7 Dodging
 + Level 10.2 Shields


You had 10 spell levels left.
You didn't know any spells.
Your spell library contained the following spells:

 Spells                   Type           Power      Damage    Failure   Level
 Magic Dart               Conj           0%         1d3       71%         1
 Sting                    Tmut/Pois      0%         1d3       71%         1
 Poisonous Vapours        Pois/Air       0%         N/A       85%         2
 Scorch                   Fire           0%         2d5       85%         2
 Searing Ray              Conj           0%         2d4       85%         2
 Ignite Poison            Fire/Tmut/Pois 0%         N/A       97%         3
 Mephitic Cloud           Conj/Pois/Air  0%         N/A       97%         3
 Flame Wave               Conj/Fire      0%         2d4       100%        4
 Fulminant Prism          Conj/Hex       0%         3d5       100%        4
 Olgreb's Toxic Radiance  Pois           0%         N/A       100%        4
 Sticky Flame             Conj/Fire      0%         2d3       100%        4
 Freezing Cloud           Conj/Ice/Air   0%         6-21      100%        5
 Ignition                 Fire           0%         3d3       100%        8
 Summon Cactus Giant      Summ           Unusable   N/A       N/A         6

Dungeon Overview and Level Annotations

Branches:
Dungeon (10/15)            Temple (1/1) D:4            Lair (0/5) D:8
    Orc: D:9-12

Altars:
Cheibriados
Fedhas
Hepliaklqana
Makhleb
Nemelex Xobeh
Okawaru
Qazlal
Ru
Trog
Wu Jian
Xom
Yredelemnul
The Shining One

Shops:
D:6 [   D:8 =*

Annotations:
D:3 2 transporters, fly's ghost, weakling DgDe


Innate Abilities, Weirdness & Mutations

You have a pair of horns on your head.
You reflexively headbutt those who attack you in melee.


Message History

You are engulfed in calcifying dust.
The catoblepas gores you!!
* * * LOW HITPOINT WARNING * * *
You are engulfed in calcifying dust.
The catoblepas gores you.
* * * LOW HITPOINT WARNING * * *
You are engulfed in calcifying dust.
The catoblepas gores you but does no damage.
You are engulfed in calcifying dust.
The catoblepas gores you!
* * * LOW HITPOINT WARNING * * *
The catoblepas gores you.
* * * LOW HITPOINT WARNING * * *
You turn to flesh and can move again.
You slash the catoblepas!
The catoblepas is moderately wounded.
The catoblepas barely misses you. You furiously retaliate!
You headbutt the catoblepas!!
The catoblepas breathes a plume of calcifying dust at you.
The blast of calcifying dust hits you but does no damage.
Unknown command.
You slash the catoblepas!
The catoblepas is severely wounded.
You are engulfed in calcifying dust.
You are slowing down.
The catoblepas gores you.
* * * LOW HITPOINT WARNING * * *
Found a chain mail.
The catoblepas barely misses you.
Your limbs are stiffening.
Unknown command.
You slash the catoblepas! You headbutt the catoblepas!
The catoblepas is almost dead.
The catoblepas gores you!!
* * * LOW HITPOINT WARNING * * *
The catoblepas gores you.
* * * LOW HITPOINT WARNING * * *
You have turned to stone.
The catoblepas gores you.
The catoblepas gores you but does no damage.
The catoblepas gores you.
* * * LOW HITPOINT WARNING * * *
The catoblepas gores you!!
You die...

######### #....(...
#........
################..!.....
................Y..>....
################@.......
#...>.... #.......[
#####........
########...#........
###........#.#########
#...########.# ###.###
##.# ††..# ##!.#


You could see a catoblepas.

Vanquished Creatures
  A boulder beetle (D:9)
  A two-headed ogre (D:9)
  A skeletal warrior (D:9)
  A cyclops (D:10)
  2 unseen horror zombies (D:9)
  4 kobold demonologists (D:10)
  A komodo dragon (D:8)
  A troll (D:10)
  A vampire (D:10)
  A wraith (D:9)
  2 steam dragons (D:8)
  4 vampire mosquitoes (D:10)
  An acid dragon (D:9)
  2 water moccasins
  A hornet zombie (D:9)
  2 sky beasts (D:8)
  2 ice beasts
  2 orc warriors
  An ogre (D:6)
  3 phantoms
  5 centaurs
  A gnoll sergeant (D:6)
  3 bullfrogs
  3 necrophages (D:9)
  3 scorpions
  15 wights
  4 killer bees (D:9)
  6 howler monkeys
  5 orc priests
  2 jellies
  2 hounds
  A human zombie (D:9)
  4 gnoll boudas
  3 iguanas
  9 orc wizards
  3 sleepcaps
  3 mummies (D:9)
  A howler monkey zombie (D:9)
  20 gnolls
  6 adders
  A shadow imp (D:6)
  3 white imps
  A worm (D:3)
  3 dart slugs
  27 orcs
  4 endoplasms
  3 giant cockroaches
  13 goblins
  6 hobgoblins
  4 jackals (D:4)
  4 kobolds
  4 quokkas
  9 ball pythons
  7 bats
  3 frilled lizards
  2 rats
227 creatures vanquished.

Notes
Turn   | Place    | Note
-------+----------+-------------------------------------------
     0 | D:1      | Bennjico the Minotaur Fighter began the quest for the Orb.
     0 | D:1      | Reached XP level 1. HP: 19/19 MP: 0/0
     2 | D:1      | Noticed a troll
     2 | D:1      | Noticed an ogre
     4 | D:1      | Noticed a human
     4 | D:1      | Noticed a formicid
     6 | D:1      | Noticed a merfolk
     6 | D:1      | Noticed a vampire
     8 | D:1      | Noticed a demonspawn
     8 | D:1      | Noticed a minotaur
    10 | D:1      | Noticed a gargoyle
    12 | D:1      | Noticed a vine stalker
    14 | D:1      | Noticed a draconian
    14 | D:1      | Noticed an elf
    16 | D:1      | Noticed a demigod
    16 | D:1      | Noticed an armataur
    18 | D:1      | Noticed a meteoran
    18 | D:1      | Noticed a ghoul
    20 | D:1      | Noticed a felid
    20 | D:1      | Noticed a tengu
    22 | D:1      | Noticed an octopode
    22 | D:1      | Noticed a spriggan
    24 | D:1      | Noticed a merfolk
    26 | D:1      | Noticed a minotaur
    26 | D:1      | Noticed a draconian
   213 | D:1      | Reached XP level 2. HP: 27/27 MP: 1/1
   524 | D:1      | Reached skill level 1 in Dodging
   695 | D:2      | Reached XP level 3. HP: 22/33 MP: 2/2
   864 | D:2      | Identified the +11 sling of Darkness {drain, rPois rN+
                  | Will+}
  1593 | D:3      | Found a transporter.
  1593 | D:3      | Noticed fly's ghost (weakling DgDe)
  1597 | D:3      | Found a transporter.
  1971 | D:3      | Reached XP level 4. HP: 39/40 MP: 3/3
  2457 | D:4      | Found a staircase to the Ecumenical Temple.
  2458 | D:4      | Noticed a phantom
  2470 | D:4      | Killed a phantom
  2471 | D:4      | Reached XP level 5. HP: 40/47 MP: 4/4
  2472 | Temple   | Entered the Ecumenical Temple
  2515 | Temple   | Became a worshipper of Warmaster Okawaru
  2810 | D:5      | Entered Level 5 of the Dungeon
  2847 | D:5      | Reached skill level 5 in Armour
  2847 | D:5      | Reached XP level 6. HP: 53/55 MP: 5/5
  2848 | D:5      | Reached skill level 5 in Fighting
  2848 | D:5      | Reached skill level 5 in Shields
  3002 | D:5      | Reached * piety under Okawaru
  3266 | D:5      | Reached XP level 7. HP: 61/61 MP: 6/6
  3779 | D:6      | Reached ** piety under Okawaru
  3781 | D:6      | Reached skill level 5 in Axes
  3833 | D:6      | Found Lenocor's Antique Armour Shop.
  3875 | D:6      | Reached XP level 8. HP: 70/70 MP: 7/7
  4055 | D:6      | Reached *** piety under Okawaru
  4129 | D:6      | Reached skill level 5 in Dodging
  4571 | D:6      | Reached XP level 9. HP: 79/79 MP: 8/8
  4968 | D:7      | Reached **** piety under Okawaru
  5578 | D:8      | Found Mokyoges's Jewellery Shoppe.
  5627 | D:8      | Found Kitopse's Assorted Antiques.
  5633 | D:8      | Bought a scroll labelled URROZA YZUABOG for 21 gold pieces
  5633 | D:8      | Bought 2 scrolls of identify for 84 gold pieces
  5633 | D:8      | Bought a potion of might for 84 gold pieces
  5633 | D:8      | Bought a cyan potion for 18 gold pieces
  5810 | D:8      | Found a staircase to the Lair.
  5811 | D:8      | Noticed a komodo dragon
  5842 | D:8      | HP: 4/121 [komodo dragon (13)]
  5844 | D:8      | Killed a komodo dragon
  6291 | D:9      | Identified the +0 robe of Least Resistance {rPois Will-
                  | Int+3}
  6341 | D:9      | Reached ***** piety under Okawaru
  6426 | D:9      | Reached XP level 10. HP: 84/86 MP: 9/9
  6571 | D:9      | Noticed a skeletal warrior
  6580 | D:9      | Killed a skeletal warrior
  6644 | D:9      | Identified the +0 hat "Jushov" {+Blink Slay+2} (Okawaru
                  | gifted it to you on level 9 of the Dungeon)
  6644 | D:9      | Received a gift from Okawaru
  6669 | D:9      | Found the +10 zealot's sword {holy, Zealotry, *Rage rN+
                  | EV+3}
  6693 | D:9      | Noticed a boulder beetle
  6710 | D:9      | Killed a boulder beetle
  6893 | D:9      | Noticed a two-headed ogre
  6901 | D:9      | Killed a two-headed ogre
  7185 | D:9      | Found a basalt altar of Yredelemnul.
  7442 | D:10     | Entered Level 10 of the Dungeon
  7535 | D:10     | Reached XP level 11. HP: 71/99 MP: 10/10
  7677 | D:10     | Reached skill level 10 in Fighting
  7677 | D:10     | Reached skill level 10 in Armour
  7677 | D:10     | Reached skill level 10 in Shields
  7848 | D:10     | Noticed a sixfirhy
  7978 | D:10     | Noticed a catoblepas
  8004 | D:10     | HP: 5/100 [catoblepas (2)]
  8008 | D:10     | Slain by a catoblepas

Illustrated notes

Levels and vault maps discovered:
D:1:      kb_arrival_jail, layout_loops_ring, minmay_misc_feat_square
D:2:      layout_loops_cross
D:3:      layout_loops_ring, gammafunk_ghost_arena
D:4:      layout_loops_ring, minmay_temple_entry_nine_rooms,
          serial_bayou_lagoon_a
D:5:      layout_loops_ring
D:6:      minmay_octagon_keep, layout_cave_pods, serial_shops,
          nicolae_shop_hallway_plus, minmay_manual_mares
D:7:      layout_rooms, minmay_misc_feat_tower
D:8:      layout_basic, david_lair_shrubbed, serial_shops, shop,
          nicolae_shop_gaudy_bauble
D:9:      layout_basic, lemuel_mausoleum_altar_yredelemnul, wad_mini_maze
D:10:     layout_rooms, mainiacjoe_overflow_two_lobes,
          hangedman_abyss_or_decor_lesser_grid
Temple:   hellmonk_temple_of_storms

Skill      XL: |  1  2  3  4  5  6  7  8  9 10 11 |
---------------+----------------------------------+-----
Dodging        | 1 2 3 4 5 6 8 |  8.7
Fighting       | 4 5 6 7 8 9 10 | 10.2
Armour         | 4 5 6 7 8 9 10 | 10.3
Shields        | 4 5 6 7 8 9 10 | 10.2
Axes           | 3 4 5 6 8 9 |  9.9

Action                     |  1- 3 |  4- 6 |  7- 9 | 10-12 || total
---------------------------+-------+-------+-------+-------++-------
  Melee: War axe           |    85 |    87 |   279 |   219 ||   670
         Headbutt          |    12 |    15 |    43 |    48 ||   118
  Evoke: Wand              |       |       |       |     1 ||     1
    Use: Scroll            |     8 |     4 |    10 |     5 ||    27
         Potion            |       |     1 |     4 |     2 ||     7
 Armour: Scale mail        |    48 |    54 |   147 |    88 ||   337
         Skin              |       |       |     1 |       ||     1
  Dodge: Dodged            |    46 |    71 |   183 |   132 ||   432
  Block: Buckler           |    23 |    41 |    97 |    68 ||   229

Table legend: (Time is in decaauts)
 A = Elapsed time spent in this place.
 B = Non-inter-level travel time spent in this place.
 C = Inter-level travel time spent in this place.
 D = Time resting spent in this place.
 E = Time spent auto-exploring this place.
 F = Levels seen in this place.
 G = Mean time per level.
                   A        B        C        D        E       F      G
               +--------+--------+--------+--------+--------+-----+--------+
         Total |   8178 |   7909 |    269 |    150 |   6112 |  11 |  743.5 |
       Dungeon |   8119 |   7865 |    254 |    150 |   6083 |  10 |  811.9 |
        Temple |     58 |     43 |     15 |      0 |     29 |   1 |   58.0 |
               +--------+--------+--------+--------+--------+-----+--------+

Top non-repeatable levels by time:
     D:9: 1206 daAuts
     D:5: 1049 daAuts
     D:8: 1001 daAuts
     D:6: 960 daAuts
     D:4: 746 daAuts
     D:3: 731 daAuts
     D:2: 707 daAuts
     D:1: 622 daAuts
    D:10: 570 daAuts
     D:7: 523 daAuts
  Temple: 58 daAuts
